[Event "ICC tourney 1987 (15 5)"]
[Site "Internet Chess Club"]
[Date "2020.08.30"]
[Round "3"]
[White "Aidenrchess"]
[Black "Averyyu321"]
[Result "1-0"]
[ICCResult "Black checkmated"]
[WhiteElo "2041"]
[BlackElo "1794"]
[Opening "Sicilian: dragon, Yugoslav attack"]
[ECO "B75"]
[NIC "SI.17"]
[Time "14:04:34"]
[TimeControl "900+5"]

1. e4 c5 2. Nf3 d6 3. d4 cxd4 4. Nxd4 Nf6 5. Nc3 g6 6. Be3 Bg7 7. f3 a6 8.
Bc4 b5 9. Bb3 Bb7 10. Qd2 Nbd7 11. Bh6 Bxh6 12. Qxh6 b4 13. Qg7 Rf8 14. Na4
Nb6 15. O-O-O Qc7 16. e5 Nfd5 17. Nxb6 Nxb6 18. Bxf7+ Rxf7 19. Qg8+ Rf8 20.
Qxf8+ Kxf8 21. Ne6+ Kf7 22. Nxc7 Rc8 23. exd6 exd6 24. Rxd6 Nc4 25. Rd7+ Kg8
26. Nd5 Bxd5 27. Rxd5 a5 28. Rhd1 Rc6 29. Rd8+ Kg7 30. R1d7+ Kh6 31. Rh8 Kg5
32. Rhxh7 Ne3 33. Rd2 a4 34. Re2 Nf5 35. Re4 b3 36. axb3 axb3 37. c3 Ra6 38.
h4+ Kf6 39. g4 Ng3 40. g5+ Kf5 41. Rf7+ Rf6 42. Rxf6# {Black checkmated} 1-0

[Event "ICC tourney 1987 (15 5)"]
[Site "Internet Chess Club"]
[Date "2020.08.30"]
[Round "3"]
[White "Qigongmaster"]
[Black "largecrab"]
[Result "1-0"]
[ICCResult "Black resigns"]
[WhiteElo "2248"]
[BlackElo "2195"]
[Opening "Colle system"]
[ECO "A04"]
[NIC "QP.10"]
[Time "14:03:52"]
[TimeControl "900+5"]

1. Nf3 c5 2. c3 d5 3. d4 e6 4. e3 Nf6 5. Bd3 Nc6 6. O-O Bd6 7. Nbd2 O-O 8.
dxc5 Bxc5 9. e4 dxe4 10. Nxe4 Nxe4 11. Bxe4 f5 12. Bc2 h6 13. b4 Bd6 14. Bb3
Qc7 15. Qe2 Kh8 16. Re1 e5 17. b5 e4 18. bxc6 exf3 19. Qxf3 Qxc6 20. Bd5 Qc7
21. h3 Bd7 22. Be3 Bc6 23. Bd4 Bxd5 24. Qxd5 Rad8 25. Qe6 Kh7 26. Rad1 Bc5
27. Be5 Qb6 28. Qxb6 Bxb6 29. Kf1 Rxd1 30. Rxd1 Rd8 31. Rxd8 Bxd8 32. Bd4 a6
33. Ke2 b5 34. Kd3 Kg6 35. Be3 Kf7 36. c4 bxc4+ 37. Kxc4 Ke6 38. Kc5 Bc7 39.
Kc6 Be5 40. Kb6 f4 41. Bc5 Kd5 42. Bf8 Bd4+ 43. Kxa6 Bxf2 44. Kb5 Bd4 45. a4
h5 46. a5 g5 47. Bh6 g4 48. Bxf4 gxh3 49. gxh3 Ba7 50. a6 Ke4 51. Bg5 Kd5
52. h4 Kd6 53. Bd8 Kd7 54. Bb6 Bb8 55. a7 Bxa7 56. Bxa7 Ke6 57. Be3 Kf5 58.
Bg5 Ke4 59. Kc6 Kf5 60. Kd5 Kg6 61. Ke6 Kg7 62. Kf5 Kf7 63. Bf6 Kg8 64. Kg6
Kf8 65. Kxh5 Kf7 66. Bd4 Kg8 67. Kg6 Kf8 68. h5 Kg8 69. h6 Kf8 70. h7
{Black resigns}
1-0

[Event "ICC tourney 1987 (15 5)"]
[Site "Internet Chess Club"]
[Date "2020.08.30"]
[Round "3"]
[White "Mookmookarmy"]
[Black "funplaychess"]
[Result "1-0"]
[ICCResult "Black resigns"]
[WhiteElo "2264"]
[BlackElo "2349"]
[Opening "Sicilian: Najdorf, 6.Bg5"]
[ECO "B94"]
[NIC "SI.04"]
[Time "14:04:45"]
[TimeControl "900+5"]

1. e4 c5 2. Nf3 d6 3. d4 cxd4 4. Nxd4 Nf6 5. Nc3 a6 6. Bg5 Nbd7 7. f4 Qc7 8.
Qf3 b5 9. O-O-O Bb7 10. Bd3 g6 11. Rhe1 Bg7 12. Nd5 Nxd5 13. exd5 Bf6 14. h4
Rc8 15. h5 Bxg5 16. fxg5 Ne5 17. Qh3 Qd7 18. Qh2 Nxd3+ 19. Rxd3 Bxd5 20.
Rde3 O-O 21. hxg6 fxg6 22. Rxe7 Rf7 23. Rxd7 Rxd7 24. Qh3 Rdc7 25. Kb1 Rf8
26. Qe3 Rcf7 27. Nf3 Rf4 28. Qd2 R4f5 29. b3 Bxf3 30. gxf3 Rxf3 31. Qd5+ Kh8
32. Re7 Rf1+ 33. Kb2 R1f4 34. Qxd6 R4f7 35. Rxf7 Rxf7 36. Qxa6 Rf5 37. Qc8+
Kg7 38. Qd7+ Kg8 39. Qe8+ Kg7 40. Qe7+ Kg8 41. a4 bxa4 42. bxa4 {Black
resigns} 1-0

[Event "ICC tourney 1987 (15 5)"]
[Site "Internet Chess Club"]
[Date "2020.08.30"]
[Round "3"]
[White "Aleksandrov73"]
[Black "Joelpaulg"]
[Result "1/2-1/2"]
[ICCResult "Game drawn by mutual agreement"]
[WhiteElo "2695"]
[BlackElo "2125"]
[Opening "King's Indian: Makagonov system (5.h3)"]
[ECO "E71"]
[NIC "KI.30"]
[Time "14:04:28"]
[TimeControl "900+5"]

1. d4 Nf6 2. c4 g6 3. Nc3 Bg7 4. e4 d6 5. h3 O-O 6. Be3 e5 7. d5 a5 8. g4
Na6 9. Nf3 Nd7 10. Bd3 Ndc5 11. Bc2 c6 12. a3 cxd5 13. cxd5 Bd7 14. Rb1 a4
15. Kf1 f5 16. exf5 gxf5 17. gxf5 Bxf5 18. Bxf5 Rxf5 19. Rg1 Qd7 20. Ng5
Raf8 21. Qg4 Nd3 22. Rg2 Nac5 23. Ne6 R8f7 24. Nxc5 Nxc5 25. Bxc5 dxc5 26.
Qxa4 Rxf2+ 27. Rxf2 Qxh3+ 28. Ke2 Qh5+ 29. Ke1 Qh1+ 30. Ke2 Qh5+
{Game drawn by mutual agreement}
1/2-1/2

[Event "ICC tourney 1987 (15 5)"]
[Site "Internet Chess Club"]
[Date "2020.08.30"]
[Round "3"]
[White "kansashog"]
[Black "Plato"]
[Result "1/2-1/2"]
[ICCResult "Game drawn by mutual agreement"]
[WhiteElo "1898"]
[BlackElo "2046"]
[Opening "English opening"]
[ECO "A20"]
[NIC "EO.24"]
[Time "14:04:45"]
[TimeControl "900+5"]

1. c4 e5 2. g3 Nf6 3. Bg2 h6 4. Nc3 Bb4 5. Nd5 Bc5 6. e3 Nc6 7. Ne2 d6 8. d4
exd4 9. exd4 Bb6 10. Nxb6 axb6 11. O-O Bf5 12. Bd2 O-O 13. Bc3 Re8 14. Nf4
Be4 15. f3 Bh7 16. Qd2 d5 17. b3 Qd7 18. Rfe1 Rad8 19. Rxe8+ Rxe8 20. Nxd5
Nxd5 21. cxd5 Qxd5 22. Re1 Rxe1+ 23. Qxe1 Qe6 24. Qxe6 fxe6 25. f4 Bb1 26.
d5 exd5 27. Bxd5+ Kf8 28. a3 Ba2 29. Bxc6 bxc6 30. b4 Be6 31. Be5 b5 32. Kf2
h5 33. Bxc7 Ke7 34. Ke3 Bf5 35. Kd4 Ke6 36. Kc5 Kd7 37. Be5 g6 38. Bb8 Bg4
39. Be5 Bh3 40. Bb8 Bf5 {Game drawn by mutual agreement} 1/2-1/2

[Event "ICC tourney 1987 (15 5)"]
[Site "Internet Chess Club"]
[Date "2020.08.30"]
[Round "3"]
[White "BreatheChessAls"]
[Black "ulanru2020"]
[Result "0-1"]
[ICCResult "White resigns"]
[WhiteElo "1972"]
[BlackElo "2221"]
[Opening "Queen's pawn, Mason variation"]
[ECO "D00"]
[NIC "QP.08"]
[Time "14:04:45"]
[TimeControl "900+5"]

1. d4 d5 2. Bf4 Nf6 3. e3 e6 4. Nd2 Bd6 5. Bg3 O-O 6. c3 Ne4 7. Ngf3 c5 8.
Bd3 f5 9. Bxd6 Qxd6 10. O-O Nc6 11. Bxe4 fxe4 12. dxc5 Qxc5 13. Nd4 e5 14.
Nxc6 bxc6 15. Qh5 Qd6 16. Rad1 Ba6 17. c4 Qe7 18. b3 Rad8 19. h3 Rd6 20. f4
exf4 21. Rxf4 Rxf4 22. exf4 g6 23. Qe2 Re6 24. Qe3 Qc7 25. f5 gxf5 26. cxd5
cxd5 27. Qg5+ Rg6 28. Qxf5 Qf7 29. Qe5 Bd3 30. Rc1 Ba6 31. Rc7 Qe6 32. Qh5
Qb6+ 33. Kh1 Qxc7 34. Qxd5+ Qf7 35. Qxe4 Bb7 {White resigns} 0-1

[Event "ICC tourney 1987 (15 5)"]
[Site "Internet Chess Club"]
[Date "2020.08.30"]
[Round "3"]
[White "hackerguru"]
[Black "chesslin"]
[Result "0-1"]
[ICCResult "White resigns"]
[WhiteElo "1751"]
[BlackElo "1949"]
[Opening "King's Indian: 5.Nf3"]
[ECO "E90"]
[NIC "KI.20"]
[Time "14:04:05"]
[TimeControl "900+5"]

1. Nf3 g6 2. c4 Bg7 3. d4 d6 4. Nc3 Nf6 5. e4 O-O 6. h3 c5 7. d5 e6 8. Bd3
exd5 9. exd5 Re8+ 10. Be3 Nbd7 11. O-O Rxe3 12. fxe3 Nh5 13. Qe1 Ne5 14. Be2
Qe7 15. Qf2 Nf6 16. Nxe5 Qxe5 17. Bf3 a6 18. Rfe1 h5 19. Rab1 Bd7 20. a4 Re8
21. e4 Qg5 22. Qe3 Qg3 23. Ne2 Qe5 24. Nc3 Qg3 25. Qf2 Qg5 26. Kh1 h4 27.
Qe3 Qg3 28. Ne2 Qe5 29. Qf4 Qxf4 30. Nxf4 Bxa4 31. b4 Nd7 32. Nd3 Bc2 33.
Bg4 Bxd3 34. Bxd7 Rd8 35. Bg4 b5 36. bxc5 dxc5 37. cxb5 axb5 38. Be2 Bxb1
39. Rxb1 b4 40. Bc4 Kf8 41. Re1 Be5 42. Kg1 Ra8 43. Rd1 Ke7 44. Kf2 Kd6 45.
Rd3 Ra1 46. Rf3 f6 47. Rb3 Rc1 48. Be2 Bc3 49. Ke3 Ke5 50. Bd3 c4 51. Bxc4
Bd4+ 52. Kd3 Bc5 53. Rb2 Rc3+ 54. Kd2 Rxc4 {White resigns} 0-1

[Event "ICC tourney 1987 (15 5)"]
[Site "Internet Chess Club"]
[Date "2020.08.30"]
[Round "3"]
[White "espark"]
[Black "GGuseinov"]
[Result "1/2-1/2"]
[ICCResult "Game drawn by repetition"]
[WhiteElo "2324"]
[BlackElo "2705"]
[Opening "Sicilian: accelerated fianchetto, Maróczy bind"]
[ECO "B36"]
[NIC "SI.33"]
[Time "14:04:19"]
[TimeControl "900+5"]

1. e4 c5 2. Nf3 g6 3. d4 cxd4 4. Nxd4 Nc6 5. c4 Nf6 6. Nc3 d6 7. Be2 Nxd4 8.
Qxd4 Bg7 9. Be3 O-O 10. Qd2 a5 11. O-O a4 12. Rad1 Qa5 13. Bd4 Be6 14. f4
Rfc8 15. b3 axb3 16. axb3 Qb4 17. f5 Bd7 18. Bxf6 Bxf6 19. Nd5 Qxd2 20.
Nxf6+ exf6 21. Rxd2 Bc6 22. fxg6 hxg6 23. Rxd6 Ra2 24. Bf3 Rb2 25. Rxf6 Rxb3
26. Rxf7 Kxf7 27. Bg4+ Kg7 28. Bxc8 Bxe4 29. Re1 Bc6 30. Be6 Rd3 31. Rb1 Be4
32. Bd5 Bxd5 33. cxd5 Rxd5 34. Rxb7+ Kh6 35. Kf2 Rd2+ 36. Kf3 Rd3+ 37. Kf4
Rd4+ 38. Ke3 Ra4 39. h3 Ra3+ 40. Kf2 Ra2+ 41. Kg3 Ra3+ 42. Kf4 Ra4+ 43. Kf3
Ra3+ 44. Kf2 Ra2+ 45. Kg3 Ra3+ 46. Kh2 Ra2 47. h4 Ra4 48. Kh3 Ra3+ 49. g3
Ra4 50. Rf7 Ra3 51. Kg4 Ra4+ 52. Rf4 Ra3 53. Rf3 Ra4+ 54. Kh3 Ra1 55. Rb3
Rh1+ 56. Kg4 Ra1 57. Kh3 Rh1+ 58. Kg2 Ra1 59. Rb4 Ra2+ 60. Kf3 Ra3+ 61. Kf4
Ra1 62. g4 Rf1+ 63. Kg3 Rf7 64. Rb6 Kg7 65. g5 Ra7 66. Rb4 Rc7 67. Kg4 Rf7
68. Rf4 Ra7 69. h5 gxh5+ 70. Kxh5 Ra1 71. Kg4 Rg1+ 72. Kf5 Ra1 73. Re4 Ra5+
74. Kf4 Kg6 75. Re6+ Kf7 76. Re4 Kg6 77. Re6+ Kf7 78. Re4 Kg6
{Game drawn by repetition}
1/2-1/2

[Event "ICC tourney 1987 (15 5)"]
[Site "Internet Chess Club"]
[Date "2020.08.30"]
[Round "3"]
[White "town"]
[Black "sanjayrame"]
[Result "0-1"]
[ICCResult "White resigns"]
[WhiteElo "2125"]
[BlackElo "2104"]
[Opening "Caro-Kann: classical, Spassky variation"]
[ECO "B19"]
[NIC "CK.12"]
[Time "14:04:03"]
[TimeControl "900+5"]

1. e4 c6 2. d4 d5 3. Nc3 dxe4 4. Nxe4 Bf5 5. Ng3 Bg6 6. h4 h6 7. Nf3 Nd7 8.
h5 Bh7 9. Bd3 Bxd3 10. Qxd3 e6 11. Bd2 Ngf6 12. O-O-O Be7 13. Kb1 O-O 14.
Ne4 Nxe4 15. Qxe4 Nf6 16. Qe2 Qd5 17. Be3 Qb5 18. c4 Qf5+ 19. Ka1 b5 20. Ne5
bxc4 21. g4 Qh7 22. f4 Ne4 23. Qxc4 Nd6 24. Qe2 Qe4 25. Rhg1 Rfb8 26. g5
hxg5 27. fxg5 Nf5 28. Nc4 Rb4 29. Rg4 Qd5 30. Ne5 Rab8 31. b3 Bd6 32. Nc4 e5
33. Qf2 exd4 34. Bxd4 Qe6 35. h6 Rxc4 36. bxc4 Nxd4 37. Rgxd4 Be5 38. hxg7
Qg4 39. Qe1 Qxd1+ 40. Qxd1 c5 41. a3 Bxd4+ {White resigns} 0-1

[Event "ICC tourney 1987 (15 5)"]
[Site "Internet Chess Club"]
[Date "2020.08.30"]
[Round "3"]
[White "marble"]
[Black "Venom2020"]
[Result "1-0"]
[ICCResult "Black resigns"]
[WhiteElo "2331"]
[BlackElo "2101"]
[Opening "Sicilian: Nimzovich-Rossolimo attack (with ...g6, without ...d6)"]
[ECO "B31"]
[NIC "SI.31"]
[Time "14:04:07"]
[TimeControl "900+5"]

1. e4 c5 2. Nf3 Nc6 3. Bb5 g6 4. O-O Bg7 5. c3 Nf6 6. Re1 O-O 7. h3 d6 8. d4
cxd4 9. cxd4 Bd7 10. Nc3 a6 11. Bf1 Rc8 12. Bf4 Qb6 13. e5 Ne8 14. exd6 Nxd6
15. Nd5 Qd8 16. Nxe7+ Nxe7 17. Bxd6 Re8 18. Be5 Bc6 19. Bxg7 Kxg7 20. Ne5
Qd5 21. Rc1 Nf5 22. Nxc6 Rxe1 23. Qxe1 Rxc6 24. Rxc6 Qxc6 25. Qe5+ f6 26.
Qc5 Qxc5 27. dxc5 Kf8 28. Bc4 Nd4 29. Bd5 Nc6 30. Bxc6 bxc6 31. Kf1 Ke7 32.
Ke2 Ke6 33. Kd3 Kd5 34. b4 h5 35. h4 g5 36. g3 gxh4 37. gxh4 f5 38. f4 Ke6
39. Kc4 Kd7 40. a4 Kc7 41. b5 axb5+ 42. axb5 cxb5+ 43. Kxb5 Kb7 44. c6+ Kc7
45. Kc5 Kc8 46. Kd6 Kd8 47. Ke6 Kc7 48. Kxf5 Kxc6 49. Ke6 Kc7 50. Ke7
{Black resigns}
1-0

[Event "ICC tourney 1987 (15 5)"]
[Site "Internet Chess Club"]
[Date "2020.08.30"]
[Round "3"]
[White "tedchen"]
[Black "TjkTiger"]
[Result "1-0"]
[ICCResult "Black resigns"]
[WhiteElo "2334"]
[BlackElo "2560"]
[Opening "Old Indian defense"]
[ECO "A42"]
[NIC "OI.07"]
[Time "14:04:24"]
[TimeControl "900+5"]

1. d4 d6 2. c4 e5 3. Nf3 e4 4. Nfd2 f5 5. e3 Nf6 6. Nc3 Be7 7. Be2 c6 8. O-O
d5 9. a3 a5 10. Rb1 Na6 11. c5 Nc7 12. Na4 Nd7 13. b4 axb4 14. axb4 O-O 15.
b5 Ne6 16. Bb2 Kh8 17. g3 Bf6 18. Ra1 g5 19. Nc3 Rxa1 20. Qxa1 f4 21. bxc6
bxc6 22. Qa8 f3 23. Bxf3 exf3 24. Qxc6 Nb8 25. Qxd5 Qe7 26. Nde4 Bg7 27. Ba3
Qe8 28. Kh1 Qh5 29. c6 Qh3 30. Rg1 Rf5 31. c7 Nc6 32. Qxc6 g4 33. Qe8+ Nf8
34. Bxf8 Bxf8 35. d5 Bd7 36. Qd8 Kg8 37. Nf6+ Kf7 38. Qxd7+ Kxf6 39. Qe6+
Kg5 40. Ne4+ Kh5 41. Qxf5+ {Black resigns} 1-0

[Event "ICC tourney 1987 (15 5)"]
[Site "Internet Chess Club"]
[Date "2020.08.30"]
[Round "3"]
[White "JosephLevine"]
[Black "MasterZachary"]
[Result "0-1"]
[ICCResult "White resigns"]
[WhiteElo "2170"]
[BlackElo "2308"]
[Opening "Two knights defense (Modern bishop's opening)"]
[ECO "C55"]
[NIC "IG.01"]
[Time "14:03:56"]
[TimeControl "900+5"]

1. e4 e5 2. Nf3 Nc6 3. Bc4 Nf6 4. d3 Be7 5. O-O O-O 6. Re1 d6 7. c3 Na5 8.
Bb5 a6 9. Ba4 b5 10. Bc2 c5 11. h3 h6 12. Nbd2 Re8 13. Nf1 Bf8 14. Ng3 Nc6
15. Be3 d5 16. a4 Bb7 17. Nf5 d4 18. Bd2 Qd7 19. g4 c4 20. axb5 axb5 21. Qe2
Rad8 22. cxd4 Nxd4 23. N3xd4 exd4 24. f3 Qc7 25. Rec1 Bc8 26. Ba5 Qf4 27.
Bxd8 Rxd8 28. Qh2 Qxh2+ 29. Kxh2 Bxf5 30. gxf5 Bd6+ 31. Kg1 Bf4 32. Rd1 Be3+
33. Kf1 Nh5 34. Ra5 Rb8 35. Rda1 Rb6 36. f6 Rxf6 37. Rxb5 Rxf3+ 38. Ke1 Ng3
39. Rf5 Nxf5 40. exf5 Rf2 41. Bb1 c3 42. bxc3 dxc3 43. Ra2 Rxa2 44. Bxa2 c2
{White resigns}
0-1

[Event "ICC tourney 1987 (15 5)"]
[Site "Internet Chess Club"]
[Date "2020.08.30"]
[Round "3"]
[White "chessmilano"]
[Black "Slypawn"]
[Result "0-1"]
[ICCResult "White forfeits on time"]
[WhiteElo "1720"]
[BlackElo "2121"]
[Opening "Queen's pawn, Mason variation"]
[ECO "D00"]
[NIC "QP.08"]
[Time "14:04:17"]
[TimeControl "900+5"]

1. d4 d5 2. Bf4 e6 3. e3 c5 4. Nf3 Nc6 5. Be2 Nf6 6. c3 Bd6 7. Bxd6 Qxd6 8.
O-O O-O 9. Nbd2 b6 10. Qc2 e5 11. dxe5 Nxe5 12. c4 Ng6 13. h3 Re8 14. cxd5
Nxd5 15. Rfd1 Qe7 16. a3 Nxe3 17. fxe3 Qxe3+ 18. Kh1 Bxh3 19. Bf1 Be6 20.
Re1 Qh6+ 21. Nh2 Bd5 22. Nc4 Qh4 23. Rxe8+ Rxe8 24. Nd6 Re5 25. Nf5 Qf4 26.
Bd3 c4 27. Rf1 Qg5 28. Bxc4 Bxc4 29. Qxc4 h6 30. Qc2 Nf4
{White forfeits on time}
0-1

[Event "ICC tourney 1987 (15 5)"]
[Site "Internet Chess Club"]
[Date "2020.08.30"]
[Round "3"]
[White "rjc64uk"]
[Black "gardemarin13"]
[Result "0-1"]
[ICCResult "White checkmated"]
[WhiteElo "2070"]
[BlackElo "1937"]
[Opening "Sicilian: Hungarian variation"]
[ECO "B27"]
[NIC "SI.43"]
[Time "14:03:59"]
[TimeControl "900+5"]

1. e4 c5 2. Nf3 g6 3. d4 cxd4 4. Qxd4 Nf6 5. Bb5 a6 6. e5 axb5 7. exf6 Nc6
8. Qe3 b4 9. fxe7 Bxe7 10. c4 O-O 11. O-O Bf6 12. Nbd2 d5 13. cxd5 Qxd5 14.
Ne4 Bg7 15. Qf4 Bf5 16. Ng3 Bc2 17. h4 Rxa2 18. Rxa2 Qxa2 19. Ne1 Qb3 20.
Nxc2 Qxc2 21. Ne4 Nd4 22. Ng3 Re8 23. Qg4 b3 24. h5 Ne2+ 25. Nxe2 Qxe2 26.
Qb4 Qc2 27. Qb5 Rb8 28. Re1 Bxb2 29. Bh6 Qc6 30. Qxb3 Bg7 31. hxg6 hxg6 32.
Re7 Rf8 33. Bxg7 Kxg7 34. Rxb7 Qc1+ 35. Kh2 Qf4+ 36. Kg1 Qc1+ 37. Kh2 Rh8+
38. Kg3 Qg5+ 39. Kf3 Qh5+ 40. Kg3 Qh4+ 41. Kf3 Qf6+ 42. Kg3 Rc8 43. f3 Qe5+
44. Kf2 Qd4+ 45. Kg3 Qe5+ 46. Kf2 Qc5+ 47. Kg3 Qg5+ 48. Kf2 Qh4+ 49. Ke3
Qe1+ 50. Kf4 Qd2+ 51. Kg3 Qe1+ 52. Kf4 g5+ 53. Kg4 Qh4+ 54. Kf5 Rc5+ 55. Qd5
Rxd5# {White checkmated} 0-1

[Event "ICC tourney 1987 (15 5)"]
[Site "Internet Chess Club"]
[Date "2020.08.30"]
[Round "3"]
[White "saiabhi29"]
[Black "jy2020"]
[Result "0-1"]
[ICCResult "White forfeits on time"]
[WhiteElo "2059"]
[BlackElo "2230"]
[Opening "Queen's pawn: London system"]
[ECO "A45"]
[NIC "QP.07"]
[Time "14:03:59"]
[TimeControl "900+5"]

1. d4 Nf6 2. Bf4 d5 3. e3 e6 4. Nd2 Bd6 5. Bg3 O-O 6. Ngf3 c5 7. c3 b6 8.
Bd3 Bb7 9. Ne5 Nc6 10. O-O Ne7 11. Qc2 h6 12. Bh4 Nd7 13. f4 f6 14. Ng6 Nxg6
15. Bxg6 Qc7 16. Rac1 f5 17. Nf3 Nf6 18. Ne5 Bxe5 19. fxe5 Ne4 20. Qe2 Qc8
21. Rf4 Bc6 22. Be7 Be8 23. Bxf8 Bxg6 24. Bd6 Qd7 25. Rxe4 dxe4 26. dxc5
bxc5 27. Qc4 Rc8 28. Rd1 Bf7 29. a4 Qd8 30. Ra1 Qg5 31. Qe2 c4 32. a5 Bh5
33. Qf2 a6 34. Qf4 Qd8 35. Qf2 Be8 36. Qe2 Qg5 37. Qf2 Bc6 38. Rd1 Qd8 39.
Ra1 Qd7 40. Qe2 Bd5 41. Qd2 Qb5 42. Bb4 Rc7 43. Qd4 Rb7 44. Kf2 g5 45. g3
Kh7 46. Kg1 Qc6 47. Rb1 Qa4 48. Qd1 Qe8 49. Qe2 Qg6 50. Rf1 Rf7 51. Qd2 h5
52. Rf2 Rg7 53. Rg2 Rd7 54. Bd6 Rb7 55. Bb4 Qg7 56. Qd4 Qd7
{White forfeits on time}
0-1

[Event "ICC tourney 1987 (15 5)"]
[Site "Internet Chess Club"]
[Date "2020.08.30"]
[Round "3"]
[White "MrNormalName"]
[Black "cooljay"]
[Result "1-0"]
[ICCResult "Black forfeits on time"]
[WhiteElo "2203"]
[BlackElo "2054"]
[Opening "King's Indian: Kazakh variation"]
[ECO "E91"]
[NIC "KI.19"]
[Time "14:04:45"]
[TimeControl "900+5"]

1. d4 Nf6 2. c4 g6 3. Nc3 Bg7 4. e4 d6 5. Nf3 O-O 6. Be2 Na6 7. O-O e5 8.
Re1 Bg4 9. d5 Nc5 10. Qc2 a5 11. Be3 b6 12. a3 a4 13. Nd2 Bd7 14. b4 axb3
15. Nxb3 Ne8 16. Nxc5 bxc5 17. Qd2 f5 18. Bg5 Nf6 19. exf5 gxf5 20. Bh6 Rf7
21. Bxg7 Rxg7 22. f4 e4 23. Nd1 Qe8 24. Ne3 Qg6 25. Kh1 Nh5 26. Bxh5 Qxh5
27. Re2 Qh4 28. Rf2 Kf7 29. Qb2 Rgg8 30. Kg1 Rab8 31. Qc2 Qf6 32. Rd1 Ra8
33. Qb3 Ba4 34. Qb7 Bxd1 35. Qxc7+ Kg6 36. Nxd1 Rgc8 37. Qd7 Rd8 38. Qc7
Rxa3 39. Rf1 Ra1 40. Kh1 Rda8 41. Qb6 R8a6 42. Qb8 Ra8 43. Qb3 Qd4 44. Qg3+
Kf7 45. Qh3 Kg8 46. Qxf5 Rxd1 47. Qg4+ Kh8 48. Rxd1 Ra1 49. Qc8+ Kg7 50.
Qd7+ Kg8 51. Qe8+ Kg7 52. Qe7+ {Black forfeits on time} 1-0

[Event "ICC tourney 1987 (15 5)"]
[Site "Internet Chess Club"]
[Date "2020.08.30"]
[Round "3"]
[White "musk6868"]
[Black "LChessMaster"]
[Result "1-0"]
[ICCResult "Black checkmated"]
[WhiteElo "2033"]
[BlackElo "1605"]
[Opening "French: Tarrasch, closed variation"]
[ECO "C05"]
[NIC "FR.17"]
[Time "14:04:45"]
[TimeControl "900+5"]

1. e4 e6 2. d4 d5 3. Nd2 Nf6 4. e5 Nfd7 5. Bd3 c5 6. c3 Nc6 7. Ne2 Qb6 8.
Nf3 cxd4 9. cxd4 f6 10. exf6 Nxf6 11. O-O Bd6 12. b3 O-O 13. Bb2 Bd7 14. Ng3
Rae8 15. Ne5 Kh8 16. Nh5 Bxe5 17. dxe5 Ng8 18. Qg4 Rf7 19. Nf4 Nh6 20. Qh4
Ref8 21. g3 Qd8 22. Qh5 Kg8 23. Nh3 Rf3 24. Bxh7+ Kxh7 25. Ng5+ Kg8 26. Nxf3
Rf5 27. Qh4 Rxf3 28. Qh5 Rf5 29. Qe2 Qb6 30. Rac1 Nf7 31. g4 Rg5 32. h4 Rg6
33. Kh2 Qb4 34. f4 Rh6 35. Kg3 Qa5 36. Bc3 Qd8 37. g5 Rh8 38. Qd3 Qe8 39. a4
Qf8 40. Bd2 Nfd8 41. Be3 Qf7 42. Qe2 Qh5 43. Qxh5 Rxh5 44. Kg4 g6 45. Bc5 b6
46. Bd6 Nb7 47. Ba3 Nba5 48. Rf3 Nd4 49. Rd3 Nf5 50. Rh3 Nc6 51. Rd1 a5 52.
Rdd3 Bc8 53. Rc3 Bb7 54. Rc1 Kf7 55. Bb2 Ba6 56. Rc2 Nb4 57. Rd2 Ke7 58. Ba3
Kd7 59. Bxb4 axb4 60. Rc2 Bd3 61. Rxd3 Rxh4+ 62. Kf3 Rh3+ 63. Ke2 Rh2+ 64.
Kd1 Rh1+ 65. Kd2 Rf1 66. Ke2 Rxf4 67. Ke1 Re4+ 68. Re2 Rg4 69. Rh3 Rxg5 70.
Rh7+ Kc6 71. Rc2# {Black checkmated} 1-0

[Event "ICC tourney 1987 (15 5)"]
[Site "Internet Chess Club"]
[Date "2020.08.30"]
[Round "4"]
[White "largecrab"]
[Black "icyblizzard"]
[Result "1/2-1/2"]
[ICCResult "Game drawn by mutual agreement"]
[WhiteElo "2192"]
[BlackElo "2110"]
[Opening "QGD: 4.Bg5 Be7"]
[ECO "D53"]
[NIC "QO.13"]
[Time "15:02:11"]
[TimeControl "900+5"]

1. d4 d5 2. c4 e6 3. Nc3 Nf6 4. Bg5 Be7 5. Nf3 c6 6. Bxf6 Bxf6 7. e4 dxe4 8.
Nxe4 Be7 9. Be2 Nd7 10. O-O O-O 11. d5 cxd5 12. cxd5 Nf6 13. Nxf6+ Bxf6 14.
dxe6 Bxe6 15. a4 Qa5 16. Rb1 Rfd8 17. b4 Rxd1 18. bxa5 Rxf1+ 19. Kxf1 Bd5
20. Nd2 Bc3 21. Bf3 Bxf3 22. Nxf3 Rb8 23. Rb4 {Game drawn by mutual
agreement} 1/2-1/2

[Event "ICC tourney 1987 (15 5)"]
[Site "Internet Chess Club"]
[Date "2020.08.30"]
[Round "4"]
[White "hackerguru"]
[Black "VincentT2008"]
[Result "1-0"]
[ICCResult "Black checkmated"]
[WhiteElo "1771"]
[BlackElo "1819"]
[Opening "King's Indian: 5.Nf3"]
[ECO "E90"]
[NIC "KI.20"]
[Time "15:01:48"]
[TimeControl "900+5"]

1. Nf3 Nf6 2. c4 g6 3. Nc3 Bg7 4. e4 d6 5. d4 O-O 6. h3 e5 7. d5 Nbd7 8. Be3
a5 9. g4 Nc5 10. Nd2 Ne8 11. Qc2 f5 12. gxf5 gxf5 13. Be2 f4 14. Bxc5 dxc5
15. O-O-O Nd6 16. Nf3 Kh8 17. h4 Bg4 18. Kb1 Nxc4 19. Ng5 Bxe2 20. Qxe2 Nd6
21. Qh5 h6 22. Qg6 hxg5 23. hxg5+ Kg8 24. Rh7 Rf7 25. Rdh1 Kf8 26. Rh8+ Bxh8
27. Rxh8+ Ke7 28. Qe6# {Black checkmated} 1-0

[Event "ICC tourney 1987 (15 5)"]
[Site "Internet Chess Club"]
[Date "2020.08.30"]
[Round "4"]
[White "chesslin"]
[Black "InfernoKing"]
[Result "0-1"]
[ICCResult "White resigns"]
[WhiteElo "1940"]
[BlackElo "2115"]
[Opening "Queen's pawn: London system"]
[ECO "A45"]
[NIC "QP.07"]
[Time "15:01:43"]
[TimeControl "900+5"]

1. d4 Nf6 2. Bf4 d6 3. Nc3 Nbd7 4. Nf3 c6 5. e4 g6 6. Qd2 Bg7 7. h3 O-O 8.
O-O-O b5 9. Bd3 b4 10. Ne2 c5 11. Ng3 cxd4 12. Bh6 e5 13. Bc4 Qc7 14. Bb3 a5
15. Qg5 a4 16. Bd5 Nxd5 17. exd5 b3 18. axb3 axb3 19. Ne1 f6 20. Qh4 Bxh6+
21. Qxh6 Qc4 22. h4 Nc5 23. h5 bxc2 {White resigns} 0-1

[Event "ICC tourney 1987 (15 5)"]
[Site "Internet Chess Club"]
[Date "2020.08.30"]
[Round "4"]
[White "JMLPS59"]
[Black "saiabhi29"]
[Result "0-1"]
[ICCResult "White checkmated"]
[WhiteElo "1090"]
[BlackElo "2059"]
[Opening "Alekhine's defense: Scandinavian variation"]
[ECO "B02"]
[NIC "AL.10"]
[Time "15:01:40"]
[TimeControl "900+5"]

1. e4 Nf6 2. Nc3 d5 3. e5 Nfd7 4. Nf3 e6 5. Bb5 c6 6. Ba4 Qc7 7. O-O Nxe5 8.
Nxe5 Qxe5 9. d4 Qc7 10. g3 Be7 11. Bf4 Bd6 12. Bxd6 Qxd6 13. Qd2 O-O 14.
Rad1 Nd7 15. Rfe1 Nf6 16. Qe3 b6 17. Bb3 Bb7 18. Re2 Rac8 19. Rde1 Ba6 20.
Rd2 Rfe8 21. Qg5 h6 22. Qe3 Nd7 23. a3 e5 24. dxe5 Rxe5 25. Qf4 Rxe1+ 26.
Kg2 Qxf4 27. gxf4 Nf6 28. f5 Rce8 29. Rd4 c5 30. Ra4 Bb7 31. Rxa7 d4+ 32.
Rxb7 dxc3 33. bxc3 R8e7 34. Rb8+ Kh7 35. Rxb6 R1e5 36. h3 Rxf5 37. Kg3 Ne4+
38. Kg4 Rg5+ 39. Kf4 Nxc3 40. a4 Nd5+ 41. Bxd5 Rxd5 42. a5 c4 43. a6 Ra5 44.
Rc6 Ra7 45. Rxc4 R7xa6 46. c3 Rf6+ 47. Kg4 Rg5+ 48. Kh4 Rxf2 49. Rc6 Rf4#
{White checkmated}
0-1

[Event "ICC tourney 1987 (15 5)"]
[Site "Internet Chess Club"]
[Date "2020.08.30"]
[Round "4"]
[White "TjkTiger"]
[Black "Qigongmaster"]
[Result "1-0"]
[ICCResult "Black checkmated"]
[WhiteElo "2563"]
[BlackElo "2234"]
[Opening "English: Caro-Kann defensive system"]
[ECO "A11"]
[NIC "EO.64"]
[Time "15:01:44"]
[TimeControl "900+5"]

1. c4 c6 2. Nc3 d5 3. d4 Nf6 4. cxd5 cxd5 5. Bf4 Nc6 6. e3 a6 7. Be2 Qb6 8.
a3 Bf5 9. g4 Bg6 10. Na4 Qd8 11. h4 h6 12. Rc1 e6 13. Nh3 Bd6 14. Nc5 Bxc5
15. dxc5 O-O 16. Bd6 Re8 17. f3 b6 18. Nf4 Bh7 19. g5 hxg5 20. hxg5 Nd7 21.
cxb6 Qxb6 22. Kf2 Nce5 23. Bb4 Rac8 24. Bc3 Nc4 25. Bd4 Qd8 26. Rxh7 Kxh7
27. Qh1+ Kg8 28. Bxg7 Kxg7 29. Qh6+ Kg8 30. Rh1 f5 31. Qh8+ Kf7 32. Rh7#
{Black checkmated}
1-0